Predators vs Avalanche

Created - 22 décembre 2020 at 11:10

Goals
1 2 3 T
Predators 1 2 0 3
Avalanche 0 2 2 4
Shots
1 2 3 T
Predators 14 8 17 39
Avalanche 11 12 7 30

1st period

1. Predators , Aleksander Barkov 5 (Anthony Duclair 6) at 19:49 (PP)

Penalties :
Keith Yandle (COL) for Hooking (Minor) at 19:45

2nd period

2. Predators , Aleksander Barkov 6 (Anthony Duclair 7, Brayden Point 6) at 3:22
3. Avalanche , Vladislav Namestnikov 3 (Josh Leivo 9, Josh Bailey 9) at 9:46
4. Predators , Patrick Marleau 3 (Carl Soderberg 5) at 12:26
5. Avalanche , Conor Sheary 2 (Mark Giordano 6, Zack Smith 1) at 17:15

Penalties :
Louie Belpedio (NSH) for High sticking (Minor) at 12:33

3rd period

6. Avalanche , Conor Sheary 3 (John Klingberg 4) at 8:40
7. Avalanche , Nino Niederreiter 6 (Josh Bailey 10, Andrew Copp 5) at 14:26

Penalties :
No Penalty

Goalie Stats

Troy Grosenick (NSH), 26 saves from 30 shots - (0,867), L, 1-5-1, 58:57 minutes
Michael Hutchinson (COL), 36 saves from 39 shots - (0,923), W, 2-0-0, 60:00 minutes

Players Stats for Predators

Player Name              G  A  P  +/- PIM S  H  SB GA TA FO     MP     PP MP  PK MP  
------------------------------------------------------------------------------------
Aleksander Barkov        2  0  2  -2  0   2  0  0  2  1  10/17  19:07   0:04   0:00 
Anthony Duclair          0  2  2  -2  0   2  1  0  2  0  0/3    19:37   0:04   0:30 
Austin Czarnik           0  0  0   0  0   0  0  0  0  0  6/8    10:05   0:00   0:00 
Brayden Point            0  1  1  -2  0   4  0  0  1  0  1/1    19:36   0:04   0:29 
Brendan Lemieux          0  0  0   0  0   3  4  2  1  0  0/0    14:27   0:00   0:24 
Carl Soderberg           0  1  1   0  0   0  2  1  0  1  8/16   15:52   0:00   1:06 
Colin Wilson             0  0  0   0  0   5  1  0  0  0  1/1    14:46   0:00   0:00 
Jaccob Slavin            0  0  0   0  0   4  1  0  0  3  0/0    24:53   0:00   0:59 
Jordan Weal              0  0  0   0  0   3  1  0  0  0  1/4    14:27   0:00   0:24 
Kevin Connauton          0  0  0   0  0   0  0  1  0  1  0/0    14:33   0:00   0:59 
Louie Belpedio           0  0  0  -1  2   0  3  1  0  1  0/0    20:52   0:00   0:00 
Matthew Nieto            0  0  0   0  0   2  0  4  0  1  0/0    14:42   0:00   1:05 
Patrick Marleau          1  0  1   0  0   5  3  0  0  0  1/3    14:46   0:00   0:00 
Robert Bortuzzo          0  0  0  -1  0   3  2  1  0  1  0/0    14:36   0:00   1:00 
Samuel Girard            0  0  0  -1  0   1  0  1  0  0  0/0    24:00   0:04   0:00 
Sven Baertschi           0  0  0   0  0   2  1  0  1  0  0/0    10:05   0:00   0:00 
Vladislav Gavrikov       0  0  0  -1  0   1  0  1  0  2  0/0    21:31   0:04   1:00 
William Nylander         0  0  0   0  0   2  0  1  0  1  0/0    10:05   0:00   0:00 

Players Stats for Avalanche

Player Name              G  A  P  +/- PIM S  H  SB GA TA FO     MP     PP MP  PK MP  
------------------------------------------------------------------------------------
Andrew Copp              0  1  1   1  0   0  0  0  0  3  11/24  19:13   1:04   0:00 
Brian Dumoulin           0  0  0   1  0   0  0  2  0  0  0/0    19:40   0:54   0:00 
Cody Eakin               0  0  0   0  0   2  1  1  2  0  4/7    14:45   0:00   0:04 
Conor Sheary             2  0  2   1  0   5  2  2  2  0  2/7    11:06   0:00   0:00 
Dan Hamhuis              0  0  0   1  0   2  0  1  0  0  0/0    15:13   0:00   0:04 
Daniel Sprong            0  0  0   1  0   4  2  0  1  0  0/0     9:57   0:00   0:00 
Ivan Barbashev           0  0  0   0  0   1  1  2  0  0  0/0    14:41   0:00   0:00 
John Klingberg           0  1  1   0  0   1  2  0  0  1  0/0    22:29   1:05   0:00 
Josh Bailey              0  2  2   1  0   6  3  1  1  0  2/4    19:13   1:04   0:00 
Josh Leivo               0  1  1   0  0   0  0  0  1  0  1/1    16:05   0:55   0:00 
Keith Yandle             0  0  0   1  2   1  0  2  0  1  0/0    22:17   0:54   0:00 
Marcus Pettersson        0  0  0   1  0   0  1  1  0  1  0/0    15:09   0:00   0:00 
Mark Giordano            0  1  1   0  0   1  2  1  0  0  0/0    25:11   1:05   0:04 
Nino Niederreiter        1  0  1   1  0   4  0  1  1  0  1/2    19:06   0:57   0:00 
Radek Faksa              0  0  0   0  0   1  2  0  1  0  4/7    16:05   0:55   0:00 
Vladislav Namestnikov    1  0  1   0  0   2  1  0  2  0  0/0    16:05   0:55   0:00 
Warren Foegele           0  0  0   0  0   0  1  1  1  1  0/1    13:39   0:07   0:00 
Zack Smith               0  1  1   1  0   0  1  0  0  0  0/0    10:01   0:00   0:04 

3 Stars

1 - Conor Sheary (COL)
2 - Josh Bailey (COL)
3 - Nino Niederreiter (COL)

Power Play

Predators - 1 on 1 Attempt(s) - 100,00%
Avalanche - 0 on 1 Attempt(s) - 0,00%

Penalty Kill

Predators - 1 on 1 Attempt(s) - 100,00% - Score 0 goal in Penalty Kill
Avalanche - 0 on 1 Attempt(s) - 0,00% - Score 0 goal in Penalty Kill

Team Stat

Predators - Hits : 19 - Faceoff Wins : 28 - Blocked Shots : 13 - Penalty Minutes : 2
Avalanche - Hits : 19 - Faceoff Wins : 25 - Blocked Shots : 15 - Penalty Minutes : 2

Official

Referees : Garrett Rank and Dan O'Halloran
Linesman : Stephen Drain and Dennis Urban

Game Notes

No Game Note

Finance

Level 1 -- Attendance: 4185 (69,75%) -- Ticket Income 418 500 $
Level 2 -- Attendance: 4473 (89,46%) -- Ticket Income 268 380 $
Level 3 -- Attendance: 1986 (99,30%) -- Ticket Income 69 510 $
Level 4 -- Attendance: 2971 (74,28%) -- Ticket Income 74 275 $
Luxury Box -- Attendance: 732 (73,20%) -- Ticket Income 146 400 $
Game was played at the Pepsi Center.
Total Attendance: 14347 (79,71%)
Total Ticket Income: 977 065 $
Other Income: 478 762 $
Total Income: 1 455 827 $

Predators

5 vs 5 Forward 
   Center                   Left Wing                Right Wing               Time % Phy DF OF 
 1 Aleksander Barkov        Brayden Point            Anthony Duclair          33     0   1  4  
 2 Carl Soderberg           Colin Wilson             Patrick Marleau          28     0   2  3  
 3 Jordan Weal              Matthew Nieto            Brendan Lemieux          25     0   2  3  
 4 Austin Czarnik           Sven Baertschi           William Nylander         14     0   4  1  

5 vs 5 Defense 
   Defense                  Defense                                           Time % Phy DF OF 
 1 Jaccob Slavin            Samuel Girard                                     40     1   1  3  
 2 Vladislav Gavrikov       Louie Belpedio                                    36     1   1  3  
 3 Kevin Connauton          Robert Bortuzzo                                   24     1   3  1  
 4 Louie Belpedio           Vladislav Gavrikov                                0      1   2  2  

PowerPlay Forward 
   Center                   Left Wing                Right Wing               Time % Phy DF OF 
 1 Aleksander Barkov        Brayden Point            Anthony Duclair          50     1   0  4  
 2 Carl Soderberg           Colin Wilson             Patrick Marleau          50     1   0  4  

PowerPlay Defense
   Defense                  Defense                                           Time % Phy DF OF 
 1 Vladislav Gavrikov       Samuel Girard                                     55     1   0  4  
 2 Jaccob Slavin            Louie Belpedio                                    45     1   0  4  

Penalty Kill 4 Players Forward 
   Center                   Wing                     Time % Phy DF OF 
 1 Carl Soderberg           Matthew Nieto            60     1   4  0  
 2 Jordan Weal              Brendan Lemieux          40     1   4  0  

Penalty Kill 4 Players Defense
   Defense                  Defense                  Time % Phy DF OF 
 1 Jaccob Slavin            Kevin Connauton          55     1   4  0  
 2 Vladislav Gavrikov       Robert Bortuzzo          45     1   4  0  

Penalty Kill - 3 Players Forward 
   Forward                                           Time % Phy DF OF 
 1 Carl Soderberg                                    55     0   5  0  
 2 Jordan Weal                                       45     0   5  0  

Penalty Kill - 3 Players Defense
   Defense                  Defense                  Time % Phy DF OF 
 1 Jaccob Slavin            Kevin Connauton          60     1   4  0  
 2 Vladislav Gavrikov       Robert Bortuzzo          40     1   4  0  

4 vs 4 Forward 
   Center                   Wing                     Time % Phy DF OF 
 1 Aleksander Barkov        Brayden Point            50     1   1  3  
 2 William Nylander         Patrick Marleau          50     1   1  3  

4 vs 4 Defense
   Defense                  Defense                  Time % Phy DF OF 
 1 Vladislav Gavrikov       Samuel Girard            55     0   2  3  
 2 Jaccob Slavin            Louie Belpedio           45     0   2  3  

Last Minutes Offensive
   Center                   Left Wing                Right Wing               Defense                  Defense                  
   Aleksander Barkov        Brayden Point            Anthony Duclair          Jaccob Slavin            Samuel Girard            

Last Minutes Defensive
   Center                   Left Wing                Right Wing               Defense                  Defense                  
   Carl Soderberg           William Nylander         Patrick Marleau          Robert Bortuzzo          Vladislav Gavrikov       

Goaltenders
Starting : Troy Grosenick           
Backup : Connor Ingram            

Extra Forwards
Normal : Aleksander Barkov, Brayden Point, Brendan Lemieux - PP : Colin Wilson, Brendan Lemieux - PK : Carl Soderberg
Extra Defensemen
Normal : Jaccob Slavin, Vladislav Gavrikov, Robert Bortuzzo - PP : Robert Bortuzzo - PK : Jaccob Slavin, Samuel Girard
Penalty Shots
Aleksander Barkov, Brendan Lemieux, Jordan Weal, Austin Czarnik, Brayden Point
Custom OT Lines Forwards
Aleksander Barkov, Brayden Point, Carl Soderberg, Anthony Duclair, Matthew Nieto, Brendan Lemieux, Colin Wilson, William Nylander, Patrick Marleau, Sven Baertschi
Custom OT Lines Defensemen
Jaccob Slavin, Samuel Girard, Vladislav Gavrikov, Kevin Connauton, Robert Bortuzzo

Scratches
Jay Bouwmeester (Right Hand Injury), Mark Jankowski (Healthy), Jonas Johansson (Healthy)

Avalanche

5 vs 5 Forward 
   Center                   Left Wing                Right Wing               Time % Phy DF OF 
 1 Andrew Copp              Josh Bailey              Nino Niederreiter        40     0   2  3  
 2 Radek Faksa              Vladislav Namestnikov    Josh Leivo               30     0   2  3  
 3 Cody Eakin               Ivan Barbashev           Warren Foegele           20     1   2  2  
 4 Conor Sheary             Zack Smith               Daniel Sprong            10     2   2  1  

5 vs 5 Defense 
   Defense                  Defense                                           Time % Phy DF OF 
 1 Mark Giordano            John Klingberg                                    40     1   2  2  
 2 Brian Dumoulin           Keith Yandle                                      30     1   2  2  
 3 Marcus Pettersson        Dan Hamhuis                                       20     1   2  2  
 4 Mark Giordano            Keith Yandle                                      10     1   2  2  

PowerPlay Forward 
   Center                   Left Wing                Right Wing               Time % Phy DF OF 
 1 Andrew Copp              Josh Bailey              Nino Niederreiter        60     1   2  2  
 2 Radek Faksa              Vladislav Namestnikov    Josh Leivo               40     1   2  2  

PowerPlay Defense
   Defense                  Defense                                           Time % Phy DF OF 
 1 Mark Giordano            John Klingberg                                    60     0   2  3  
 2 Brian Dumoulin           Keith Yandle                                      40     0   2  3  

Penalty Kill 4 Players Forward 
   Center                   Wing                     Time % Phy DF OF 
 1 Cody Eakin               Zack Smith               60     1   2  2  
 2 Ivan Barbashev           Josh Bailey              40     1   2  2  

Penalty Kill 4 Players Defense
   Defense                  Defense                  Time % Phy DF OF 
 1 Mark Giordano            Keith Yandle             60     1   2  2  
 2 John Klingberg           Marcus Pettersson        40     1   2  2  

Penalty Kill - 3 Players Forward 
   Forward                                           Time % Phy DF OF 
 1 Cody Eakin                                        60     1   4  0  
 2 Zack Smith                                        40     1   4  0  

Penalty Kill - 3 Players Defense
   Defense                  Defense                  Time % Phy DF OF 
 1 Mark Giordano            Brian Dumoulin           60     1   3  1  
 2 Dan Hamhuis              Marcus Pettersson        40     1   3  1  

4 vs 4 Forward 
   Center                   Wing                     Time % Phy DF OF 
 1 Radek Faksa              Vladislav Namestnikov    60     1   2  2  
 2 Andrew Copp              Ivan Barbashev           40     1   2  2  

4 vs 4 Defense
   Defense                  Defense                  Time % Phy DF OF 
 1 Mark Giordano            Brian Dumoulin           60     1   2  2  
 2 John Klingberg           Marcus Pettersson        40     1   2  2  

Last Minutes Offensive
   Center                   Left Wing                Right Wing               Defense                  Defense                  
   Radek Faksa              Andrew Copp              Vladislav Namestnikov    Mark Giordano            John Klingberg           

Last Minutes Defensive
   Center                   Left Wing                Right Wing               Defense                  Defense                  
   Radek Faksa              Ivan Barbashev           Vladislav Namestnikov    Mark Giordano            Brian Dumoulin           

Goaltenders
Starting : Michael Hutchinson       
Backup : Joonas Korpisalo         

Extra Forwards
Normal : Josh Leivo, Ivan Barbashev, Cody Eakin - PP : Warren Foegele, Ivan Barbashev - PK : Cody Eakin
Extra Defensemen
Normal : Brian Dumoulin, Dan Hamhuis, John Klingberg - PP : Brian Dumoulin - PK : Dan Hamhuis, John Klingberg
Penalty Shots
Josh Bailey, Radek Faksa, Andrew Copp, Vladislav Namestnikov, Ivan Barbashev
Custom OT Lines Forwards
Josh Bailey, Radek Faksa, Andrew Copp, Vladislav Namestnikov, Ivan Barbashev, Nino Niederreiter, Josh Leivo, Cody Eakin, Zack Smith, Conor Sheary
Custom OT Lines Defensemen
Mark Giordano, Dan Hamhuis, John Klingberg, Marcus Pettersson, Brian Dumoulin

Scratches
Samuel Blais (Healthy), Matt Roy (Healthy), Cameron Gaunce (Healthy)

% Time on Ice - Predators

Lines # - Real PCT - Wanted PCT - Time Play
Normal Forward
1 - 32% - 33% - 17:55
2 - 27% - 28% - 15:12
3 - 24% - 25% - 13:37
4 - 18% - 14% - 10:05
Normal Defense
1 - 40% - 40% - 22:46
2 - 36% - 36% - 20:27
3 - 24% - 24% - 13:36
4 - 0% - 0% - 0:00
PP Forward
1 - 100% - 50% - 0:04
2 - 0% - 50% - 0:00
PP Defense
1 - 100% - 55% - 0:04
2 - 0% - 45% - 0:00
PK Forward
1 - 80% - 60% - 1:35
2 - 20% - 40% - 0:24
PK Defense
1 - 50% - 55% - 0:59
2 - 50% - 45% - 1:00
PK3 Forward
1 - 0% - 55%
2 - 0% - 45%
PK3 Defense
1 - 0% - 60%
2 - 0% - 40%
44 Forward
1 - 0% - 50%
2 - 0% - 50%
44 Defense
1 - 0% - 55%
2 - 0% - 45%
Last Minute Offensive  - 1:08
Last Minute Defensive  - 0:00
Total
Forward - 60:00
Defense - 60:00

% Time on Ice - Avalanche

Lines # - Real PCT - Wanted PCT - Time Play
Normal Forward
1 - 32% - 40% - 18:09
2 - 27% - 30% - 15:10
3 - 24% - 20% - 13:32
4 - 18% - 10% - 9:57
Normal Defense
1 - 38% - 40% - 21:24
2 - 29% - 30% - 16:33
3 - 27% - 20% - 15:09
4 - 7% - 10% - 3:42
PP Forward
1 - 54% - 60% - 1:04
2 - 46% - 40% - 0:55
PP Defense
1 - 55% - 60% - 1:05
2 - 45% - 40% - 0:54
PK Forward
1 - 100% - 60% - 0:04
2 - 0% - 40% - 0:00
PK Defense
1 - 100% - 60% - 0:04
2 - 0% - 40% - 0:00
PK3 Forward
1 - 0% - 60%
2 - 0% - 40%
PK3 Defense
1 - 0% - 60%
2 - 0% - 40%
44 Forward
1 - 0% - 60%
2 - 0% - 40%
44 Defense
1 - 0% - 60%
2 - 0% - 40%
Last Minute Offensive  - 0:00
Last Minute Defensive  - 1:09
Total
Forward - 60:00
Defense - 60:00

Play-by-Play

1st period


0:01 of 1st period - Aleksander Barkov wins face-off versus Andrew Copp in neutral zone.
0:12 of 1st period - Backhand shot by Brayden Point.
0:12 of 1st period - Stopped by Michael Hutchinson with a rebound.
0:46 of 1st period - Jordan Weal is hit by Mark Giordano and loses puck.
0:53 of 1st period - Slapshot by John Klingberg.
0:53 of 1st period - Shot Blocked by Matthew Nieto.
0:55 of 1st period - Slapshot by Mark Giordano.
0:55 of 1st period - Shot Misses the Net.
0:57 of 1st period - Wrist shot by Cody Eakin.
0:57 of 1st period - Shot Blocked by Matthew Nieto.
1:11 of 1st period - Slapshot by Keith Yandle.
1:11 of 1st period - Stopped by Troy Grosenick without a rebound.
1:12 of 1st period - Austin Czarnik wins face-off versus Conor Sheary in Predators zone.
1:19 of 1st period - Keith Yandle is hit by Robert Bortuzzo and loses puck.
1:32 of 1st period - Slapshot by Conor Sheary.
1:32 of 1st period - Stopped by Troy Grosenick with a rebound.
1:48 of 1st period - Snap shot by Daniel Sprong.
1:48 of 1st period - Stopped by Troy Grosenick without a rebound.
1:49 of 1st period - Andrew Copp wins face-off versus Aleksander Barkov in Predators zone.
2:04 of 1st period - Snap shot by Nino Niederreiter.
2:04 of 1st period - Shot Hit the Post.
2:14 of 1st period - Marcus Pettersson is hit by Colin Wilson and loses puck.
2:33 of 1st period - Slapshot by Ivan Barbashev.
2:33 of 1st period - Stopped by Troy Grosenick with a rebound.
2:35 of 1st period - Slapshot by Ivan Barbashev.
2:35 of 1st period - Deflect By Cody Eakin.
2:35 of 1st period - Stopped by Troy Grosenick without a rebound.
2:36 of 1st period - Jordan Weal wins face-off versus Warren Foegele in Predators zone.
3:08 of 1st period - Backhand shot by Nino Niederreiter.
3:08 of 1st period - Stopped by Troy Grosenick without a rebound.
3:09 of 1st period - Carl Soderberg wins face-off versus Andrew Copp in Predators zone.
4:00 of 1st period - Snap shot by Warren Foegele.
4:00 of 1st period - Shot Blocked by Matthew Nieto.
4:25 of 1st period - Snap shot by William Nylander.
4:25 of 1st period - Shot Blocked by Brian Dumoulin.
5:26 of 1st period - Wrist shot by Jordan Weal.
5:26 of 1st period - Deflect By Mark Giordano.
5:26 of 1st period - Shot Blocked by Cody Eakin.
5:26 of 1st period - Puck is out of play.
5:27 of 1st period - Cody Eakin wins face-off versus Jordan Weal in Avalanche zone.
6:23 of 1st period - Marcus Pettersson is hit by Robert Bortuzzo.
6:53 of 1st period - Slapshot by Jordan Weal.
6:53 of 1st period - Shot Misses the Net.
6:55 of 1st period - Slapshot by Robert Bortuzzo.
6:55 of 1st period - Stopped by Michael Hutchinson with a rebound.
7:02 of 1st period - Icing by Brian Dumoulin.
7:03 of 1st period - Cody Eakin wins face-off versus Austin Czarnik in Avalanche zone.
7:07 of 1st period - Off-side.
7:08 of 1st period - Austin Czarnik wins face-off versus Cody Eakin in neutral zone.
7:28 of 1st period - Mark Giordano is hit by Sven Baertschi and loses puck.
7:45 of 1st period - Snap shot by Sven Baertschi.
7:45 of 1st period - Stopped by Michael Hutchinson without a rebound.
7:46 of 1st period - Andrew Copp wins face-off versus Anthony Duclair in Avalanche zone.
8:15 of 1st period - Wrist shot by Vladislav Namestnikov.
8:15 of 1st period - Shot Misses the Net.
8:21 of 1st period - Snap shot by Patrick Marleau.
8:21 of 1st period - Stopped by Michael Hutchinson with a rebound.
8:47 of 1st period - Slapshot by Conor Sheary.
8:47 of 1st period - Shot Misses the Net.
8:57 of 1st period - Matthew Nieto is hit by John Klingberg and loses puck.
9:41 of 1st period - Wrist shot by Cody Eakin.
9:41 of 1st period - Shot Misses the Net.
9:49 of 1st period - Slapshot by Matthew Nieto.
9:49 of 1st period - Stopped by Michael Hutchinson with a rebound.
9:59 of 1st period - Snap shot by Brendan Lemieux.
9:59 of 1st period - Stopped by Michael Hutchinson without a rebound.
10:00 of 1st period - Andrew Copp wins face-off versus Aleksander Barkov in Avalanche zone.
10:49 of 1st period - Marcus Pettersson is hit by Patrick Marleau and loses puck.
12:05 of 1st period - Icing by Vladislav Gavrikov.
12:06 of 1st period - Cody Eakin wins face-off versus Austin Czarnik in Predators zone.
12:53 of 1st period - Snap shot by Vladislav Namestnikov.
12:53 of 1st period - Shot Misses the Net.
12:59 of 1st period - Snap shot by Vladislav Namestnikov.
12:59 of 1st period - Shot Misses the Net.
13:01 of 1st period - Snap shot by Vladislav Namestnikov.
13:01 of 1st period - Shot Blocked by Brendan Lemieux.
13:13 of 1st period - Aleksander Barkov is hit by Daniel Sprong and loses puck.
13:18 of 1st period - Wrist shot by Daniel Sprong.
13:18 of 1st period - Stopped by Troy Grosenick without a rebound.
13:19 of 1st period - Colin Wilson wins face-off versus Conor Sheary in Predators zone.
13:26 of 1st period - Snap shot by Patrick Marleau.
13:26 of 1st period - Shot Blocked by Conor Sheary.
13:44 of 1st period - Snap shot by Jordan Weal.
13:44 of 1st period - Stopped by Michael Hutchinson with a rebound.
13:46 of 1st period - Snap shot by Brendan Lemieux.
13:46 of 1st period - Shot Misses the Net.
13:48 of 1st period - Slapshot by Robert Bortuzzo.
13:48 of 1st period - Shot Misses the Net.
14:17 of 1st period - Wrist shot by Josh Bailey.
14:17 of 1st period - Stopped by Troy Grosenick with a rebound.
14:57 of 1st period - Snap shot by Patrick Marleau.
14:57 of 1st period - Stopped by Michael Hutchinson with a rebound.
14:59 of 1st period - Wrist shot by Colin Wilson.
14:59 of 1st period - Stopped by Michael Hutchinson without a rebound.
15:00 of 1st period - Aleksander Barkov wins face-off versus Andrew Copp in Avalanche zone.
15:01 of 1st period - Wrist shot by Brayden Point.
15:01 of 1st period - Shot Blocked by Nino Niederreiter.
15:11 of 1st period - Slapshot by Brayden Point.
15:11 of 1st period - Stopped by Michael Hutchinson with a rebound.
15:13 of 1st period - Snap shot by Anthony Duclair.
15:13 of 1st period - Stopped by Michael Hutchinson without a rebound.
15:14 of 1st period - Andrew Copp wins face-off versus Aleksander Barkov in Avalanche zone.
15:18 of 1st period - Off-side.
15:19 of 1st period - Andrew Copp wins face-off versus Aleksander Barkov in neutral zone.
15:51 of 1st period - Snap shot by Josh Leivo.
15:51 of 1st period - Deflect By Vladislav Gavrikov.
15:51 of 1st period - Shot Misses the Net.
15:51 of 1st period - Puck is out of play.
15:52 of 1st period - Carl Soderberg wins face-off versus Radek Faksa in Predators zone.
16:38 of 1st period - Snap shot by Matthew Nieto.
16:38 of 1st period - Stopped by Michael Hutchinson with a rebound.
17:59 of 1st period - Snap shot by Matthew Nieto.
17:59 of 1st period - Shot Misses the Net.
18:01 of 1st period - Slapshot by Jaccob Slavin.
18:01 of 1st period - Stopped by Michael Hutchinson without a rebound.
18:02 of 1st period - Cody Eakin wins face-off versus Jordan Weal in Avalanche zone.
18:25 of 1st period - Warren Foegele is hit by Brendan Lemieux and loses puck.
18:30 of 1st period - Snap shot by Brendan Lemieux.
18:30 of 1st period - Shot Misses the Net.
18:40 of 1st period - Wrist shot by Ivan Barbashev.
18:40 of 1st period - Shot Misses the Net.
18:52 of 1st period - Slapshot by Cody Eakin.
18:52 of 1st period - Stopped by Troy Grosenick with a rebound.
18:54 of 1st period - Slapshot by Dan Hamhuis.
18:54 of 1st period - Stopped by Troy Grosenick with a rebound.
18:56 of 1st period - Snap shot by Cody Eakin.
18:56 of 1st period - Shot Blocked by Matthew Nieto.
18:58 of 1st period - Wrist shot by Cody Eakin.
18:58 of 1st period - Shot Misses the Net.
19:00 of 1st period - Slapshot by Marcus Pettersson.
19:00 of 1st period - Shot Blocked by Brendan Lemieux.
19:02 of 1st period - Snap shot by Warren Foegele.
19:02 of 1st period - Shot Misses the Net.
19:18 of 1st period - Snap shot by Warren Foegele.
19:18 of 1st period - Shot Misses the Net.
19:20 of 1st period - Slapshot by Dan Hamhuis.
19:20 of 1st period - Stopped by Troy Grosenick without a rebound.
19:21 of 1st period - Aleksander Barkov wins face-off versus Josh Bailey in Predators zone.
19:45 of 1st period - Minor Penalty to Keith Yandle for Hooking.
19:46 of 1st period - Aleksander Barkov wins face-off versus Cody Eakin in Avalanche zone.
19:49 of 1st period - Wrist shot by Aleksander Barkov.
19:49 of 1st period - Goal by Aleksander Barkov - Predators : 1 - Avalanche : 0.
19:50 of 1st period - Carl Soderberg wins face-off versus Andrew Copp in neutral zone.
Goals for this period are 1 for Predators vs 0 for Avalanche.
Shots for this period are 14 for Predators vs 11 for Avalanche.

2nd period


0:01 of 2nd period - Andrew Copp wins face-off versus Carl Soderberg in neutral zone.
0:13 of 2nd period - Slapshot by Colin Wilson.
0:13 of 2nd period - Stopped by Michael Hutchinson with a rebound.
0:25 of 2nd period - Mark Giordano is hit by Louie Belpedio and loses puck.
0:32 of 2nd period - Slapshot by Brayden Point.
0:32 of 2nd period - Shot Misses the Net.
1:02 of 2nd period - Wrist shot by Conor Sheary.
1:02 of 2nd period - Stopped by Troy Grosenick with a rebound.
1:14 of 2nd period - Brian Dumoulin is hit by Jordan Weal.
2:41 of 2nd period - Slapshot by Brendan Lemieux.
2:41 of 2nd period - Shot Misses the Net.
3:22 of 2nd period - Slapshot by Aleksander Barkov.
3:22 of 2nd period - Goal by Aleksander Barkov - Predators : 2 - Avalanche : 0.
3:23 of 2nd period - Brayden Point wins face-off versus Andrew Copp in neutral zone.
4:07 of 2nd period - Wrist shot by Brayden Point.
4:07 of 2nd period - Stopped by Michael Hutchinson without a rebound.
4:08 of 2nd period - Josh Bailey wins face-off versus Carl Soderberg in Avalanche zone.
4:08 of 2nd period - Josh Bailey is hit by Carl Soderberg.
4:34 of 2nd period - Vladislav Namestnikov is hit by Brendan Lemieux and loses puck.
4:43 of 2nd period - Wrist shot by Josh Leivo.
4:43 of 2nd period - Shot Misses the Net.
5:07 of 2nd period - Snap shot by William Nylander.
5:07 of 2nd period - Shot Blocked by Marcus Pettersson.
5:19 of 2nd period - Slapshot by Josh Bailey.
5:19 of 2nd period - Stopped by Troy Grosenick with a rebound.
5:21 of 2nd period - Snap shot by Josh Bailey.
5:21 of 2nd period - Stopped by Troy Grosenick without a rebound.
5:22 of 2nd period - Andrew Copp wins face-off versus Aleksander Barkov in Predators zone.
5:23 of 2nd period - Slapshot by Josh Bailey.
5:23 of 2nd period - Shot Misses the Net.
5:25 of 2nd period - Wrist shot by Josh Bailey.
5:25 of 2nd period - Shot Misses the Net.
5:27 of 2nd period - Snap shot by Nino Niederreiter.
5:27 of 2nd period - Stopped by Troy Grosenick without a rebound.
5:28 of 2nd period - Andrew Copp wins face-off versus Carl Soderberg in Predators zone.
5:39 of 2nd period - Snap shot by Josh Bailey.
5:39 of 2nd period - Stopped by Troy Grosenick with a rebound.
6:17 of 2nd period - Vladislav Gavrikov is hit by Conor Sheary.
6:46 of 2nd period - Slapshot by Conor Sheary.
6:46 of 2nd period - Deflect By Daniel Sprong.
6:46 of 2nd period - Stopped by Troy Grosenick without a rebound.
6:47 of 2nd period - Aleksander Barkov wins face-off versus Andrew Copp in Predators zone.
7:14 of 2nd period - Colin Wilson is hit by Radek Faksa.
7:38 of 2nd period - Wrist shot by Jordan Weal.
7:38 of 2nd period - Stopped by Michael Hutchinson without a rebound.
7:39 of 2nd period - Aleksander Barkov wins face-off versus Cody Eakin in Avalanche zone.
7:52 of 2nd period - Slapshot by Warren Foegele.
7:52 of 2nd period - Shot Blocked by Louie Belpedio.
7:54 of 2nd period - Slapshot by John Klingberg.
7:54 of 2nd period - Shot Misses the Net.
7:56 of 2nd period - Snap shot by John Klingberg.
7:56 of 2nd period - Stopped by Troy Grosenick without a rebound.
7:57 of 2nd period - Andrew Copp wins face-off versus Patrick Marleau in Predators zone.
8:22 of 2nd period - Aleksander Barkov is hit by John Klingberg and loses puck.
8:31 of 2nd period - Kevin Connauton is hit by Radek Faksa and loses puck.
8:50 of 2nd period - Robert Bortuzzo is hit by Conor Sheary and loses puck.
9:30 of 2nd period - Slapshot by Colin Wilson.
9:30 of 2nd period - Shot Blocked by Dan Hamhuis.
9:32 of 2nd period - Slapshot by Jaccob Slavin.
9:32 of 2nd period - Shot Misses the Net.
9:34 of 2nd period - Wrist shot by Samuel Girard.
9:34 of 2nd period - Shot Blocked by Josh Bailey.
9:46 of 2nd period - Snap shot by Vladislav Namestnikov.
9:46 of 2nd period - Goal by Vladislav Namestnikov - Predators : 2 - Avalanche : 1.
9:47 of 2nd period - Andrew Copp wins face-off versus Patrick Marleau in neutral zone.
9:50 of 2nd period - Slapshot by Mark Giordano.
9:50 of 2nd period - Shot Misses the Net.
9:52 of 2nd period - Slapshot by Nino Niederreiter.
9:52 of 2nd period - Shot Misses the Net.
10:36 of 2nd period - Matthew Nieto is hit by Warren Foegele and loses puck.
11:03 of 2nd period - Slapshot by Austin Czarnik.
11:03 of 2nd period - Shot Misses the Net.
11:19 of 2nd period - Patrick Marleau is hit by Josh Bailey and loses puck.
12:20 of 2nd period - Snap shot by Patrick Marleau.
12:20 of 2nd period - Stopped by Michael Hutchinson without a rebound.
12:21 of 2nd period - Patrick Marleau wins face-off versus Conor Sheary in Avalanche zone.
12:22 of 2nd period - Wrist shot by Carl Soderberg.
12:22 of 2nd period - Shot Blocked by Conor Sheary.
12:24 of 2nd period - Wrist shot by Patrick Marleau.
12:24 of 2nd period - Stopped by Michael Hutchinson with a rebound.
12:26 of 2nd period - Snap shot by Patrick Marleau.
12:26 of 2nd period - Goal by Patrick Marleau - Predators : 3 - Avalanche : 1.
12:27 of 2nd period - Andrew Copp wins face-off versus Aleksander Barkov in neutral zone.
12:33 of 2nd period - Minor Penalty to Louie Belpedio for High sticking.
12:34 of 2nd period - Carl Soderberg wins face-off versus Andrew Copp in Predators zone.
12:52 of 2nd period - Robert Bortuzzo is hit by Mark Giordano and loses puck.
13:43 of 2nd period - Kevin Connauton is hit by Josh Bailey and loses puck.
14:19 of 2nd period - Icing by John Klingberg.
14:20 of 2nd period - Carl Soderberg wins face-off versus Andrew Copp in Avalanche zone.
14:33 of 2nd period - Penalty to Louie Belpedio is over, Louie Belpedio is back on ice.
14:41 of 2nd period - Jordan Weal is hit by Daniel Sprong and loses puck.
15:29 of 2nd period - Snap shot by William Nylander.
15:29 of 2nd period - Stopped by Michael Hutchinson with a rebound.
15:57 of 2nd period - Daniel Sprong is hit by Patrick Marleau and loses puck.
17:13 of 2nd period - Slapshot by Mark Giordano.
17:13 of 2nd period - Shot Blocked by Robert Bortuzzo.
17:15 of 2nd period - Slapshot by Conor Sheary.
17:15 of 2nd period - Goal by Conor Sheary - Predators : 3 - Avalanche : 2.
17:16 of 2nd period - Aleksander Barkov wins face-off versus Nino Niederreiter in neutral zone.
17:47 of 2nd period - Backhand shot by Vladislav Namestnikov.
17:47 of 2nd period - Shot Misses the Net.
17:49 of 2nd period - Slapshot by John Klingberg.
17:49 of 2nd period - Deflect By Vladislav Namestnikov.
17:49 of 2nd period - Stopped by Troy Grosenick without a rebound.
17:50 of 2nd period - Radek Faksa wins face-off versus Carl Soderberg in Predators zone.
17:51 of 2nd period - Wrist shot by Keith Yandle.
17:51 of 2nd period - Deflect By Josh Leivo.
17:51 of 2nd period - Deflect By Vladislav Gavrikov.
17:51 of 2nd period - Shot Blocked by Carl Soderberg.
17:51 of 2nd period - Puck is out of play.
17:52 of 2nd period - Aleksander Barkov wins face-off versus Radek Faksa in Predators zone.
18:01 of 2nd period - Brian Dumoulin is hit by Louie Belpedio.
18:09 of 2nd period - Anthony Duclair is hit by Vladislav Namestnikov and loses puck.
18:42 of 2nd period - Snap shot by Conor Sheary.
18:42 of 2nd period - Stopped by Troy Grosenick without a rebound.
18:43 of 2nd period - Conor Sheary wins face-off versus Carl Soderberg in Predators zone.
18:44 of 2nd period - Snap shot by Daniel Sprong.
18:44 of 2nd period - Stopped by Troy Grosenick without a rebound.
18:45 of 2nd period - Carl Soderberg wins face-off versus Conor Sheary in Predators zone.
18:52 of 2nd period - Vladislav Gavrikov is hit by Zack Smith and loses puck.
Goals for this period are 2 for Predators vs 2 for Avalanche.
Shots for this period are 8 for Predators vs 12 for Avalanche.

3rd period


0:01 of 3rd period - Josh Bailey wins face-off versus Aleksander Barkov in neutral zone.
0:06 of 3rd period - Wrist shot by Josh Bailey.
0:06 of 3rd period - Shot Misses the Net.
0:10 of 3rd period - Wrist shot by Andrew Copp.
0:10 of 3rd period - Shot Blocked by Kevin Connauton.
0:12 of 3rd period - Slapshot by Josh Bailey.
0:12 of 3rd period - Stopped by Troy Grosenick with a rebound.
0:14 of 3rd period - Slapshot by John Klingberg.
0:14 of 3rd period - Shot Misses the Net.
0:16 of 3rd period - Slapshot by Nino Niederreiter.
0:16 of 3rd period - Stopped by Troy Grosenick without a rebound.
0:17 of 3rd period - Carl Soderberg wins face-off versus Radek Faksa in Predators zone.
0:42 of 3rd period - Aleksander Barkov is hit by Josh Bailey and loses puck.
1:11 of 3rd period - Snap shot by Brendan Lemieux.
1:11 of 3rd period - Shot Blocked by Keith Yandle.
1:13 of 3rd period - Snap shot by Matthew Nieto.
1:13 of 3rd period - Shot Blocked by Mark Giordano.
1:29 of 3rd period - Slapshot by Keith Yandle.
1:29 of 3rd period - Shot Blocked by Vladislav Gavrikov.
1:45 of 3rd period - Snap shot by Radek Faksa.
1:45 of 3rd period - Stopped by Troy Grosenick without a rebound.
1:46 of 3rd period - Josh Leivo wins face-off versus Carl Soderberg in Predators zone.
2:16 of 3rd period - Snap shot by Jordan Weal.
2:16 of 3rd period - Stopped by Michael Hutchinson with a rebound.
2:18 of 3rd period - Slapshot by Jaccob Slavin.
2:18 of 3rd period - Stopped by Michael Hutchinson with a rebound.
2:20 of 3rd period - Snap shot by Samuel Girard.
2:20 of 3rd period - Stopped by Michael Hutchinson with a rebound.
2:22 of 3rd period - Snap shot by Brendan Lemieux.
2:22 of 3rd period - Stopped by Michael Hutchinson with a rebound.
2:24 of 3rd period - Snap shot by Brendan Lemieux.
2:24 of 3rd period - Stopped by Michael Hutchinson with a rebound.
3:14 of 3rd period - Off-side.
3:15 of 3rd period - Conor Sheary wins face-off versus Carl Soderberg in neutral zone.
3:26 of 3rd period - Snap shot by Conor Sheary.
3:26 of 3rd period - Shot Misses the Net.
3:28 of 3rd period - Slapshot by Mark Giordano.
3:28 of 3rd period - Stopped by Troy Grosenick with a rebound.
3:41 of 3rd period - Snap shot by Brayden Point.
3:41 of 3rd period - Stopped by Michael Hutchinson without a rebound.
3:42 of 3rd period - Nino Niederreiter wins face-off versus Anthony Duclair in Avalanche zone.
3:49 of 3rd period - Snap shot by Josh Bailey.
3:49 of 3rd period - Shot Blocked by Samuel Girard.
4:09 of 3rd period - Andrew Copp is hit by Anthony Duclair.
4:13 of 3rd period - Slapshot by Brayden Point.
4:13 of 3rd period - Shot Misses the Net.
4:15 of 3rd period - Wrist shot by Anthony Duclair.
4:15 of 3rd period - Stopped by Michael Hutchinson without a rebound.
4:16 of 3rd period - Radek Faksa wins face-off versus Jordan Weal in Avalanche zone.
4:16 of 3rd period - Radek Faksa is hit by Brendan Lemieux.
4:43 of 3rd period - Louie Belpedio is hit by Cody Eakin and loses puck.
5:09 of 3rd period - Wrist shot by Zack Smith.
5:09 of 3rd period - Shot Misses the Net.
5:11 of 3rd period - Snap shot by Zack Smith.
5:11 of 3rd period - Shot Blocked by William Nylander.
5:44 of 3rd period - Snap shot by Jordan Weal.
5:44 of 3rd period - Shot Misses the Net.
6:12 of 3rd period - Kevin Connauton is hit by Ivan Barbashev and loses puck.
6:25 of 3rd period - Slapshot by Samuel Girard.
6:25 of 3rd period - Shot Blocked by Ivan Barbashev.
6:27 of 3rd period - Slapshot by Jaccob Slavin.
6:27 of 3rd period - Stopped by Michael Hutchinson with a rebound.
6:29 of 3rd period - Slapshot by Sven Baertschi.
6:29 of 3rd period - Deflect By Ivan Barbashev.
6:29 of 3rd period - Shot Misses the Net.
6:29 of 3rd period - Puck is out of play.
6:30 of 3rd period - Austin Czarnik wins face-off versus Andrew Copp in Avalanche zone.
6:55 of 3rd period - John Klingberg is hit by Jaccob Slavin and loses puck.
7:14 of 3rd period - Snap shot by Colin Wilson.
7:14 of 3rd period - Stopped by Michael Hutchinson with a rebound.
7:18 of 3rd period - Snap shot by Colin Wilson.
7:18 of 3rd period - Stopped by Michael Hutchinson with a rebound.
7:52 of 3rd period - Icing by Brendan Lemieux.
7:53 of 3rd period - Austin Czarnik wins face-off versus Andrew Copp in Predators zone.
8:08 of 3rd period - Snap shot by Austin Czarnik.
8:08 of 3rd period - Shot Misses the Net.
8:40 of 3rd period - Snap shot by Conor Sheary.
8:40 of 3rd period - Goal by Conor Sheary - Predators : 3 - Avalanche : 3.
8:41 of 3rd period - Carl Soderberg wins face-off versus Andrew Copp in neutral zone.
9:55 of 3rd period - Icing by Louie Belpedio.
9:56 of 3rd period - Austin Czarnik wins face-off versus Josh Bailey in Predators zone.
10:08 of 3rd period - Wrist shot by Louie Belpedio.
10:08 of 3rd period - Shot Misses the Net.
10:10 of 3rd period - Snap shot by Sven Baertschi.
10:10 of 3rd period - Deflect By William Nylander.
10:10 of 3rd period - Shot Misses the Net.
10:10 of 3rd period - Puck is out of play.
10:11 of 3rd period - Radek Faksa wins face-off versus Carl Soderberg in Avalanche zone.
10:11 of 3rd period - Josh Leivo is hit by Patrick Marleau and loses puck.
10:57 of 3rd period - Backhand shot by William Nylander.
10:57 of 3rd period - Shot Blocked by Warren Foegele.
10:59 of 3rd period - Slapshot by Vladislav Gavrikov.
10:59 of 3rd period - Shot Blocked by Ivan Barbashev.
11:01 of 3rd period - Wrist shot by Sven Baertschi.
11:01 of 3rd period - Shot Blocked by Keith Yandle.
11:03 of 3rd period - Slapshot by Vladislav Gavrikov.
11:03 of 3rd period - Stopped by Michael Hutchinson without a rebound.
11:04 of 3rd period - Radek Faksa wins face-off versus Anthony Duclair in Avalanche zone.
12:12 of 3rd period - Wrist shot by Conor Sheary.
12:12 of 3rd period - Deflect By Austin Czarnik.
12:12 of 3rd period - Shot Misses the Net.
12:12 of 3rd period - Puck is out of play.
12:13 of 3rd period - Austin Czarnik wins face-off versus Conor Sheary in Predators zone.
12:13 of 3rd period - Austin Czarnik is hit by Marcus Pettersson.
12:45 of 3rd period - Wrist shot by William Nylander.
12:45 of 3rd period - Stopped by Michael Hutchinson with a rebound.
12:47 of 3rd period - Wrist shot by Robert Bortuzzo.
12:47 of 3rd period - Stopped by Michael Hutchinson with a rebound.
12:49 of 3rd period - Slapshot by Robert Bortuzzo.
12:49 of 3rd period - Stopped by Michael Hutchinson without a rebound.
12:50 of 3rd period - Aleksander Barkov wins face-off versus Andrew Copp in Avalanche zone.
14:24 of 3rd period - Snap shot by Josh Bailey.
14:24 of 3rd period - Stopped by Troy Grosenick with a rebound.
14:26 of 3rd period - Snap shot by Nino Niederreiter.
14:26 of 3rd period - Goal by Nino Niederreiter - Predators : 3 - Avalanche : 4.
14:27 of 3rd period - Aleksander Barkov wins face-off versus Andrew Copp in neutral zone.
14:59 of 3rd period - Snap shot by Colin Wilson.
14:59 of 3rd period - Stopped by Michael Hutchinson with a rebound.
15:54 of 3rd period - Slapshot by Brayden Point.
15:54 of 3rd period - Shot Misses the Net.
16:14 of 3rd period - Conor Sheary is hit by Carl Soderberg and loses puck.
17:11 of 3rd period - Snap shot by Josh Bailey.
17:11 of 3rd period - Shot Misses the Net.
17:59 of 3rd period - Slapshot by Sven Baertschi.
17:59 of 3rd period - Stopped by Michael Hutchinson with a rebound.
18:29 of 3rd period - Brian Dumoulin is hit by Louie Belpedio and loses puck.
18:42 of 3rd period - Keith Yandle is hit by Brendan Lemieux and loses puck.
18:57 of 3rd period - Predators, Troy Grosenick is pulled from the net.
19:07 of 3rd period - Snap shot by Aleksander Barkov.
19:07 of 3rd period - Shot Misses the Net.
19:09 of 3rd period - Snap shot by Jaccob Slavin.
19:09 of 3rd period - Stopped by Michael Hutchinson with a rebound.
19:59 of 3rd period - Snap shot by Aleksander Barkov.
19:59 of 3rd period - Shot Blocked by Brian Dumoulin.
Goals for this period are 0 for Predators vs 2 for Avalanche.
Shots for this period are 17 for Predators vs 7 for Avalanche. Output by the SimonT Hockey Simulator (STHS) for Alexandre Lamarre - Original Page W3C HTML5 Valid
Hockey Simulator - Hockey Simulation - Hockey Manager